 Dungeon Crawl Stone Soup version 0.28-a0-726-g4a9143789a (webtiles) character file.

Game seed: 4785651753776990032

531 dduke234 the Shield-Bearer (level 7, -9/61 HPs)
             Began as a Minotaur Fighter on Oct 27, 2021.
             Was a Believer of Makhleb.
             Mangled by Pikel (13 damage)
             ... on level 4 of the Dungeon.
             The game lasted 00:07:14 (2491 turns).

dduke234 the Shield-Bearer (Minotaur Fighter)       Turns: 2491, Time: 00:07:16

Health: -9/61      AC:  7    Str: 19 (21) XL:     7   Next: 3%
Magic:  6/6        EV: 11    Int:  4 (5)  God:    Makhleb [**....]
Gold:   164        SH:  5    Dex: 16 (17) Spells: 6/6 levels left

rFire   x . .      SeeInvis +   e - +2 hand axe (venom)
rCold   . . .      Faith    .   c - +0 buckler
rNeg    . . .      Spirit   .   b - +0 scale mail
rPois   +          Reflect  .   (helmet restricted)
rElec   .          Harm     .   (no cloak)
rCorr   .          Rampage  .   (no gloves)
Will    .....                   (no boots)
Stlth   +.........              i - amulet of the acrobat
HPRegen 0.20/turn               h - ring of Tugajic {+Blink rF- Dex+6 SInv}
MPRegen 0.10/turn               (no ring)

@: no status effects
A: horns 2, retaliatory headbutt, talons 1, poison resistance, sturdy frame 1
a: Renounce Religion, Evoke Blink, Minor Destruction


You were on level 4 of the Dungeon.
You worshipped Makhleb.
Makhleb was pleased with you.
You visited 1 branch of the dungeon, and saw 4 of its levels.

You collected 164 gold pieces.

Inventory:

Hand Weapons
 a - a +0 trident
 e - a +2 hand axe of venom (weapon)
Armour
 b - a +0 scale mail (worn)
 c - a +0 buckler (worn)
Jewellery
 h - the ring of Tugajic (left hand) {+Blink rF- Dex+6 SInv}
   (You acquired it on level 1 of the Dungeon)

   [ring of see invisible]

   Dex:       It affects your dexterity (+6).
   rF:        It makes you vulnerable to fire.
   SInv:      It lets you see invisible.
   +Blink:    It lets you blink.
 i - an amulet of the acrobat (around neck)
Scrolls
 d - 2 scrolls of identify {unknown}
 g - a scroll of fear
 k - a scroll of fog
 o - a scroll of blinking
Potions
 j - a potion of degeneration


   Skills:
 * Level 5.0 Fighting
 * Level 5.1(5.3) Axes
 - Level 2.4(4.1) Polearms
 * Level 5.5 Armour
 + Level 1.4 Dodging
 + Level 0.1 Stealth
 * Level 5.5 Shields


You had 6 spell levels left.
You didn't know any spells.
Your spell library contained the following spells:

 Spells                   Type           Power      Damage    Failure   Level
 Hailstorm                Conj/Ice       0%         3d3       100%        4
 Ice Form                 Ice/Tmut       0%         N/A       100%        4
 Simulacrum               Ice/Necr       0%         N/A       100%        6


Dungeon Overview and Level Annotations

Branches:
Dungeon (4/15)
 Temple: D:4-7

Altars:
Makhleb
Trog

Annotations:
D:4 Pikel


Innate Abilities, Weirdness & Mutations

You have a pair of horns on your head.
You reflexively headbutt those who attack you in melee.
You have sharp toenails.
Your system is resistant to poisons. (rPois)
Your movements are slightly less encumbered by armour. (ER -2)


Message History

Pikel is moderately wounded.
You barely miss the lemure. You block Pikel's attack.
The lemure closely misses you.
You hit Pikel but do no damage.
Pikel looks as sick as possible!
You headbutt Pikel, but do no damage.
Pikel is moderately wounded.
You hit the lemure.
Pikel says, "Hell isn't that bad."
Pikel hits you with a +0 whip of electrocution.
* * * LOW HITPOINT WARNING * * *
The lemure barely misses you.
You hit Pikel.
Pikel looks as sick as possible!
You headbutt Pikel, but do no damage.
Pikel is severely wounded.
You closely miss the lemure. You block Pikel's attack. The lemure hits you.
* * * LOW HITPOINT WARNING * * *
You hit Pikel but do no damage.
Pikel is severely wounded.
You hit the lemure but do no damage.
The lemure is poisoned.
Pikel barely misses you. You block the lemure's attack.
You hit Pikel but do no damage.
Pikel looks as sick as possible!
Your kick misses Pikel. You headbutt Pikel, but do no damage.
Pikel is severely wounded.
You closely miss the lemure. You block Pikel's attack. The lemure hits you.
* * * LOW HITPOINT WARNING * * *
You hit Pikel but do no damage.
Pikel looks as sick as possible!
You claw Pikel, but do no damage. Your headbutt misses Pikel.
Pikel is almost dead.
You closely miss the lemure.
Pikel hits you with a +0 whip of electrocution.
* * * LOW HITPOINT WARNING * * *
The lemure hits you but does no damage.
You closely miss Pikel. You claw Pikel, but do no damage.
Pikel is almost dead.
You barely miss the lemure. Pikel closely misses you.
The lemure barely misses you.
Pikel hits you with a +0 whip of electrocution.
* * * LOW HITPOINT WARNING * * *
You are electrocuted!
You die...

####....# ###.#.#
#...[...#.....#.#
#.............#.#
#.....>...###.#.##
#...#....###.....#
#......#.# #.....#
#...##.#.###.....#
####...#
............
#..†@..#
##..##.....#
#.#5K..#
#.##.....# #
#g#.## ..#.....#
..#.# #.#.....#
#.. .# #.##.#.##
#.. .# #..#.#.#
#.# .# #.#.#.# ..
.# #...#.#
##..#.##


You could see Pikel (extremely poisoned), a lemure (poisoned) and a goblin.

Vanquished Creatures
  Grinder (D:3)
  An orc warrior (D:3)
  A lemure (D:4)
  A scorpion (D:3)
  A centaur skeleton (D:2)
  An orc wizard (D:3)
  6 adders
  2 worms
  4 orcs
  8 ball pythons
  6 bats
  4 endoplasms
  2 goblins
  9 hobgoblins
  14 jackals
  7 kobolds
  4 frilled lizards
  4 rats
76 creatures vanquished.

Vanquished Creatures (others)
  5 plants (D:3)
5 creatures vanquished.

Grand Total: 81 creatures vanquished

Notes
Turn   | Place    | Note
-------+----------+-------------------------------------------
     0 | D:1      | dduke234 the Minotaur Fighter began the quest for the Orb.
     0 | D:1      | Reached XP level 1. HP: 19/19 MP: 0/0
   384 | D:1      | Reached XP level 2. HP: 27/27 MP: 1/1
   386 | D:1      | Identified a scroll of acquirement
   386 | D:1      | Acquired the ring of Tugajic {+Blink rF- Dex+6 SInv}
   866 | D:2      | Reached skill level 1 in Axes
   891 | D:2      | Reached XP level 3. HP: 33/33 MP: 2/2
   926 | D:2      | Found a faded altar of an unknown god.
   932 | D:2      | Reached XP level 4. HP: 41/41 MP: 3/3
  1019 | D:2      | Prayed at the altar of an unknown god.
  1019 | D:2      | Became a worshipper of Makhleb the Destroyer
  1019 | D:2      | Reached * piety under Makhleb
  1129 | D:2      | You fall into a shaft and drop 2 floors!
  1226 | D:3      | Noticed a scorpion
  1234 | D:3      | Killed a scorpion
  1264 | D:3      | Reached XP level 5. HP: 43/47 MP: 4/4
  1413 | D:3      | Noticed an orc warrior
  1426 | D:3      | Killed an orc warrior
  1426 | D:3      | Reached ** piety under Makhleb
  1427 | D:3      | Reached skill level 5 in Shields
  1427 | D:3      | Reached XP level 6. HP: 27/53 MP: 5/5
  1452 | D:3      | Reached skill level 5 in Armour
  1631 | D:3      | Noticed Grinder
  1641 | D:3      | Killed Grinder
  1642 | D:3      | Reached skill level 1 in Dodging
  2198 | D:2      | Reached skill level 5 in Axes
  2198 | D:2      | Reached XP level 7. HP: 60/60 MP: 6/6
  2395 | D:4      | Found a bloodstained altar of Trog.
  2457 | D:4      | Reached skill level 5 in Fighting
  2470 | D:4      | Noticed Pikel
  2483 | D:4      | Gained mutation: You are strong-willed. (Will+) [potion of
                  | mutation]
  2484 | D:4      | Lost mutation: You are strong-willed. (Will+) [potion of
                  | mutation]
  2484 | D:4      | Gained mutation: You have sharp toenails. [potion of
                  | mutation]
  2484 | D:4      | Gained mutation: Your system is resistant to poisons.
                  | (rPois) [potion of mutation]
  2484 | D:4      | Gained mutation: Your movements are slightly less
                  | encumbered by armour. (ER -2) [potion of mutation]
  2491 | D:4      | Mangled by Pikel

Illustrated notes

Levels and vault maps discovered:
D:1:      giann_bridges, layout_basic, serial_park_tiny_2, nrook_campfire
D:2:      layout_rooms, chequers_ecumenical_altar_island,
          minmay_strange_pillars, chequers_serial_rivers_large_a,
          wad_floor_pattern_untrapped, grunt_decor_one_mirror, item_on_display_a
D:3:      layout_basic, serial_bayou_lake_a, uniq_grinder
D:4:      layout_basic, trog_butcher_becter, okawaru_trees_2, uniq_pikel

Skill      XL: |  1  2  3  4  5  6  7 |
---------------+----------------------+-----
Fighting       | 4 5 |  5.0
Armour         | 4 5 |  5.5
Shields        | 4 5 |  5.5
Axes           | 1 2 3 5 |  5.1
Dodging        | 1 |  1.4
Polearms       | |  2.4
Stealth        | |  0.1

Action                   |  1- 3 |  4- 6 |  7- 9 || total
-------------------------+-------+-------+-------++-------
Melee: Hand axe          |    42 |    62 |    21 ||   125
       Headbutt          |     8 |    18 |     8 ||    34
       Kick              |       |       |     2 ||     2
  Use: Scroll            |     2 |     4 |       ||     6
       Potion            |       |     5 |     4 ||     9
Armor: Scale mail        |    19 |    19 |     7 ||    45
Dodge: Dodged            |    41 |    42 |    14 ||    97
Block: Buckler           |    15 |    13 |     8 ||    36

Table legend: (Time is in decaauts)
 A = Elapsed time spent in this place.
 B = Non-inter-level travel time spent in this place.
 C = Inter-level travel time spent in this place.
 D = Time resting spent in this place.
 E = Time spent auto-exploring this place.
 F = Levels seen in this place.
 G = Mean time per level.
                   A        B        C        D        E       F      G
               +--------+--------+--------+--------+--------+-----+--------+
         Total |   2563 |   2512 |     51 |      0 |   2045 |   4 |  640.8 |
       Dungeon |   2563 |   2512 |     51 |      0 |   2045 |   4 |  640.8 |
               +--------+--------+--------+--------+--------+-----+--------+

Top non-repeatable levels by time:
     D:3: 918 daAuts
     D:1: 841 daAuts
     D:2: 569 daAuts
     D:4: 234 daAuts
